 Dungeon Crawl Stone Soup version 0.23-a0-451-g1044d4cbad (console) character file.

179 Gottschkopf the Changer (level 5, -4/40 HPs)
             Began as a Draconian Transmuter on Nov 23, 2018.
             Slain by an iguana (9 damage)
             ... on level 4 of the Dungeon.
             The game lasted 00:18:13 (2834 turns).

Gottschkopf the Changer (Draconian Transmuter)      Turns: 2834, Time: 00:18:13

Health: -4/40      AC:  5    Str: 12    XL:     5   Next: 32%
Magic:  8/8        EV: 12    Int: 14    God:
Gold:   153        SH:  0    Dex: 12    Spells: 4/8 levels left

rFire    . . .     SeeInvis .     - Unarmed
rCold    . . .     Gourm    .   (no shield)
rNeg     . . .     Faith    .   (armour unavailable)
rPois    +         Spirit   .   (helmet restricted)
rElec    .         Reflect  .   (no cloak)
rCorr    .         Harm     .   (no gloves)
MR       .....                  (boots currently unavailable)
Stlth    ++........             (no amulet)
HPRegen  0.13/turn              i - ring of stealth
MPRegen  0.11/turn              n - ring of poison resistance

@: appendage (expiring)
A: unfitting armour, talons 3, cold-blooded, AC +5
a: End Transformation


You were on level 4 of the Dungeon.
You were not hungry.
You had grown temporary talons.
You visited 1 branch of the dungeon, and saw 4 of its levels.

You collected 153 gold pieces.

Inventory:

Missiles
 a - 12 arrows
Jewellery
 i - a ring of stealth (left hand)
 n - a ring of poison resistance (right hand)
Scrolls
 e - 4 scrolls of amnesia
 g - a scroll of enchant weapon {unknown}
 h - 2 scrolls of teleportation {unknown}
 j - 2 scrolls of identify {unknown}
 k - a scroll of remove curse {unknown}
 l - a scroll of noise {unknown}
Potions
 b - 2 potions of berserk rage {unknown}
 d - a potion of curing {unknown}
 m - a potion of cancellation {unknown}
Comestibles
 c - 6 rations


   Skills:
 - Level 1.1 Fighting
 - Level 1.7 Dodging
 - Level 3.0 Unarmed Combat
 - Level 2.0 Spellcasting
 + Level 5.6 Transmutations


You had 4 spell levels left.
You knew the following spells:

 Your Spells              Type           Power        Failure   Level  Hunger
a - Beastly Appendage     Tmut           ###...       2%          1    ##.....
b - Spider Form           Tmut/Pois      #.........   22%         3    ####...

Your spell library contained the following spells:

 Spells                   Type           Power        Failure   Level  Hunger
 Sticks to Snakes         Tmut           ###.....     3%          2    ###....
 Ice Form                 Ice/Tmut       #.......     58%         4    #####..
 Blade Hands              Tmut           ###.......   54%         5    ######.


Dungeon Overview and Level Annotations

Branches:
Dungeon (4/15)
 Temple: D:4-7

Altars:


Innate Abilities, Weirdness & Mutations

Your plain brown scales are hard. (AC +5)
You cannot fit into any form of body armour.
You are cold-blooded and may be slowed by cold attacks.
You have claws for feet.


Message History

The iguana is heavily wounded.
The iguana bites you!
* * * LOW HITPOINT WARNING * * *
You hit the iguana.
The iguana is heavily wounded.
The iguana bites you.
* * * LOW HITPOINT WARNING * * *
You hit the iguana but do no damage.
The iguana is heavily wounded.
Your transformation is almost over.
The iguana bites you.
* * * LOW HITPOINT WARNING * * *
You hit the iguana. You claw the iguana, but do no damage.
The iguana is severely wounded.
The iguana closely misses you.
You closely miss the iguana. Your kick misses the iguana.
You tail-slap the iguana, but do no damage.
The iguana is severely wounded.
The iguana bites you!
You die...

#..........
#####.....# ####
##.#..# ....
...#..# ..#
#####..# ...
########..# #.#
..........# #l#
########.##
#@#############.#
#...............#
#################


You could see an iguana.

Vanquished Creatures
  A worker ant (D:4)
  8 adders
  2 oozes
  2 worms (D:2)
  2 dart slugs (D:1)
  A leopard gecko (D:2)
  An orc (D:3)
  7 bats
  7 giant cockroaches
  6 goblins
  9 hobgoblins
  2 jackals (D:1)
  A quokka (D:2)
  A ball python (D:3)
  4 frilled lizards
  9 kobolds
  5 rats
68 creatures vanquished.

Notes
Turn   | Place    | Note
-------+----------+-------------------------------------------
     0 | D:1      | Gottschkopf the Draconian Transmuter began the quest for
                  | the Orb.
     0 | D:1      | Reached XP level 1. HP: 16/16 MP: 3/3
   330 | D:1      | Reached XP level 2. HP: 11/23 MP: 3/5
   583 | D:1      | Reached skill level 3 in Transmutations
   603 | D:1      | You fall through a shaft!
   628 | D:2      | Reached XP level 3. HP: 17/28 MP: 4/6
   636 | D:2      | Learned a level 3 spell: Spider Form
  1176 | D:1      | Reached skill level 4 in Transmutations
  1559 | D:2      | Reached XP level 4. HP: 35/35 MP: 3/7
  2035 | D:2      | Reached skill level 5 in Transmutations
  2388 | D:3      | Reached XP level 5. HP: 40/40 MP: 6/8
  2834 | D:4      | Slain by an iguana

Vault maps used:
D:1:      kennysheep_arrival_seaside, serial_forest, infiniplex_forest_lined_2,
          infiniplex_forest_zigzag_1, infiniplex_forest_straight_2,
          infiniplex_forest_straight_2, infiniplex_forest_clump_medium,
          infiniplex_forest_zigzag_2, infiniplex_forest_lined_2,
          infiniplex_forest_straight_4, infiniplex_forest_lined_2,
          serial_bayou_lagoon_a
D:4:      nicolae_overflow_hidden_temple, first_ration, uniq_blork_the_orc

Skill      XL: |  1  2  3  4 |
---------------+-------------+-----
Transmutations | 3 4 5 |  5.6
Fighting       | |  1.1
Dodging        | |  1.7
Unarmed Combat | |  3.0
Spellcasting   | |  2.0

Action                   |  1- 3 |  4- 6 || total
-------------------------+-------+-------++-------
Melee: Unarmed           |   123 |   133 ||   256
       Tailslap          |    13 |    15 ||    28
       Kick              |     9 |     4 ||    13
       Punch             |     1 |     1 ||     2
       Headbutt          |       |     8 ||     8
 Cast: Beastly Appendage |    16 |    18 ||    34
       Spider Form       |     1 |     1 ||     2
  Use: Scroll            |     1 |       ||     1
 Stab: Sleeping          |       |     4 ||     4
  Eat: Chunk             |     3 |     5 ||     8
Armor: Skin              |    40 |    41 ||    81
Dodge: Dodged            |    93 |    73 ||   166

Table legend:
 A = Non-vault XP
 B = Vault XP
 C = Vault XP percentage of total XP
 D = Non-vault monster count
 E = Vault monster count
 F = Vault count percentage of total count
                 A         B        C        D         E       F
            +---------+---------+-------+---------+---------+-------
      Total |     256 |       0 |   0.0 |      68 |       0 |   0.0
            +---------+---------+-------+---------+---------+-------
        D:1 |      63 |       0 |   0.0 |      28 |       0 |   0.0
        D:2 |     131 |       0 |   0.0 |      31 |       0 |   0.0
        D:3 |      17 |       0 |   0.0 |       7 |       0 |   0.0
        D:4 |      45 |       0 |   0.0 |       2 |       0 |   0.0
            +---------+---------+-------+---------+---------+-------
